 Dungeon Crawl Stone Soup version 0.31-a0-818-ge7c7cf74f0 (webtiles) character file.

Game seed: 3797117457409108344

296 CowFu the Trooper (level 6, -7/71 HPs)
             Began as an Ogre Berserker on Sept 22, 2023.
             Was a Believer of Trog.
             Killed from afar by an orc wizard (9 damage)
             ... with a puff of flame
             ... on level 3 of the Dungeon.
             The game lasted 00:03:58 (2757 turns).

CowFu the Trooper (Ogre Berserker)                  Turns: 2757, Time: 00:03:58

Health: -7/71      AC:  3    Str: 24    XL:     6   Next: 34%
Magic:  6/6        EV: 10    Int:  8    God:    Trog [**....]
Gold:   66         SH:  0    Dex:  8    Spells: 5/5 levels left

rFire   . . .        a - +0 mace
rCold   . . .        (no shield)
rNeg    . . .        b - +0 animal skin
rPois   +            (helmet restricted)
rElec   .            (no cloak)
rCorr   .            (gloves unavailable)
SInv    .            (boots unavailable)
Will    .....        (no amulet)
Stlth   +            m - ring of poison resistance
HPRegen 0.31/turn    (no ring)
MPRegen 0.10/turn

%: no passive effects
@: on berserk cooldown, slowed, very slow
A: large, unfitting armour, tough skin 1
a: Renounce Religion, Berserk, Trog's Hand


You were on level 3 of the Dungeon.
You worshipped Trog.
Trog was pleased with you.
You visited 1 branch of the dungeon, and saw 3 of its levels.
You also visited: Sewer.

You collected 105 gold pieces.
You spent 39 gold pieces at shops.

Inventory:

Hand Weapons
 a - a +0 mace (weapon)
Armour
 b - a +0 animal skin (worn)
Jewellery
 m - a ring of poison resistance (left hand)
Scrolls
 d - a scroll of fear
 f - 3 scrolls of teleportation
 g - 2 scrolls of brand weapon {unknown}
 i - a scroll of immolation {unknown}
 j - a scroll of amnesia {unknown}
 k - 4 scrolls of poison {unknown}
 n - a scroll of blinking {unknown}
Potions
 c - a potion of ambrosia
 e - a potion of invisibility {unknown}
 h - 2 potions of curing
 l - a potion of degeneration
 o - a potion of enlightenment {unknown}
 p - a potion of lignification {unknown}
 q - a potion of magic {unknown}
 r - a potion of experience {unknown}
 s - a potion of heal wounds {unknown}


   Skills:
 + Level 7.0 Fighting
 + Level 4.8 Maces & Flails
 - Level 2.6 Dodging


You had 5 spell levels left.
You didn't know any spells.
Your spell library was empty.

Dungeon Overview and Level Annotations

Branches:
Dungeon (3/15)              Sewer (visited)

Altars:

Shops:
D:1 *![

Annotations:
D:3 Grinder


Innate Abilities, Weirdness & Mutations

You are too large for most types of armour.
You have tough skin. (AC +1)


Message History

* * * LOW HITPOINT WARNING * * *
You miss the orc wizard.
The orc wizard is heavily wounded.
The orc wizard barely misses you.
You hit the orc wizard.
The orc wizard is almost dead.
The orc wizard casts a spell at you. The puff of flame hits you.
* * * LOW HITPOINT WARNING * * *
The orc wizard points at you and mumbles some strange words.
The magic dart hits you.
* * * LOW HITPOINT WARNING * * *
You sock the orc wizard!
You kill the orc wizard!
Trog accepts your kill.
Trog appreciates your killing of a magic user.
Your skin stops crawling.
You feel less strong-willed. Something hits you but does no damage.
Deactivating autopickup; reactivate with Ctrl-A.
Your Fighting skill increases to level 7!
You completely miss something.
An orc wizard appears from thin air!
Reactivating autopickup.
The orc wizard hits you but does no damage.
The orc wizard hits you with a +0 dagger.
* * * LOW HITPOINT WARNING * * *
You closely miss the orc wizard.
The orc wizard hits you with a +0 dagger.
* * * LOW HITPOINT WARNING * * *
You hit the orc wizard.
The orc wizard is moderately wounded.
The orc wizard casts a spell.
The orc wizard flickers and vanishes!
Deactivating autopickup; reactivate with Ctrl-A.
Something hits you.
* * * LOW HITPOINT WARNING * * *
You closely miss something.
You hear some strange, mumbled words.
A puff of flame appears from out of thin air!
The puff of flame hits you!
You die...

####### #.....# #.....#
##########################....[#
.............oo{@..............#
.......<..(.##############.....#
............# #.....#
........)...# ###...#
............# ###.#
............# ..# #.##
$...........# #.. ######...
............# #..###.....###
.............. #...........##


You could see 2 orcs.

Vanquished Creatures
  Pargi (Sewer)
  An orc priest (D:3)
  2 orc wizards (D:3)
  5 adders
  A dart slug (D:2)
  4 orcs (D:3)
  7 endoplasms
  4 giant cockroaches
  7 goblins
  3 hobgoblins
  2 jackals (D:1)
  5 kobolds
  9 ball pythons
  7 bats
  9 frilled lizards
  6 rats
73 creatures vanquished.

Notes
Turn   | Place    | Note
-------+----------+-------------------------------------------
     0 | D:1      | CowFu the Ogre Berserker began the quest for the Orb.
     0 | D:1      | Reached XP level 1. HP: 24/24 MP: 1/1
    56 | D:1      | Found Midifuving's Armour Shoppe.
   108 | D:1      | Found a faded altar of an unknown god.
   283 | D:1      | Reached XP level 2. HP: 33/33 MP: 2/2
   550 | D:1      | Found Vikh's General Store.
   589 | D:1      | Found Daci's Distillery.
   597 | D:1      | Reached ** piety under Trog
   611 | D:1      | Bought a potion of curing for 39 gold pieces
   671 | D:1      | Reached XP level 3. HP: 41/41 MP: 3/3
  1026 | D:2      | Reached skill level 5 in Fighting
  1342 | D:2      | HP: 2/42 [poisoned by an adder]
  1343 | D:2      | Reached XP level 4. HP: 2/50 MP: 4/4
  1489 | D:2      | Identified the +11 hand axe of the Endless March {heavy,
                  | rPois Str+3}
  2045 | D:3      | Noticed Grinder
  2112 | D:3      | Found a glowing drain.
  2132 | Sewer    | Entered a sewer
  2322 | Sewer    | Noticed Pargi
  2340 | Sewer    | Killed Pargi
  2341 | Sewer    | Reached skill level 6 in Fighting
  2341 | Sewer    | Reached XP level 5. HP: 24/61 MP: 5/5
  2736 | D:3      | Reached XP level 6. HP: 25/68 MP: 6/6
  2754 | D:3      | Reached skill level 7 in Fighting
  2755 | D:3      | HP: 3/71 [orc wizard/+0 dagger (4)]
  2757 | D:3      | Killed from afar by an orc wizard

Illustrated notes

Levels and vault maps discovered:
D:1:      co_arrival_random_square_maze, layout_basic, serial_shops, shop,
          nicolae_shop_crystal, nicolae_shop_hallway_plus,
          ebering_ecumenical_altar_abandoned
D:2:      layout_basic
D:3:      layout_rooms, lemuel_tele_altar, portal_sewer_entry_a, uniq_grinder

Skill      XL: |  1  2  3  4  5  6 |
---------------+-------------------+-----
Maces & Flails | 3 4 |  4.8
Fighting       | 5 6 7 |  7.0
Dodging        | |  2.6

Action                     |  1- 3 |  4- 6 || total
---------------------------+-------+-------++-------
  Melee: Mace              |   118 |   161 ||   279
 Invoke: Berserk           |     1 |     2 ||     3
         Trog's Hand       |       |     1 ||     1
    Use: Scroll            |       |     4 ||     4
         Potion            |       |     2 ||     2
 Armour: Animal skin       |    84 |   149 ||   233
  Dodge: Dodged            |    64 |    88 ||   152

Table legend: (Time is in decaauts)
 A = Elapsed time spent in this place.
 B = Non-inter-level travel time spent in this place.
 C = Inter-level travel time spent in this place.
 D = Time resting spent in this place.
 E = Time spent auto-exploring this place.
 F = Levels seen in this place.
 G = Mean time per level.
                   A        B        C        D        E       F      G
               +--------+--------+--------+--------+--------+-----+--------+
         Total |   2836 |   2765 |     71 |    123 |   1998 |   4 |  709.0 |
       Dungeon |   2372 |   2301 |     71 |      0 |   1818 |   3 |  790.7 |
         Sewer |    463 |    463 |      0 |    123 |    180 |   1 |  463.0 |
               +--------+--------+--------+--------+--------+-----+--------+

Top non-repeatable levels by time:
     D:2: 1103 daAuts
     D:1: 1037 daAuts
   Sewer: 463 daAuts
     D:3: 231 daAuts
